SA
NIAGARA FALLS EXPOS @ MANCELONA TORCH
07/26/2042
 
TOP OF THE 1ST
Niagara Falls Expos batting - Pitching for Mancelona Torch : LHP Marcos Lucero
Pitching: LHP Marcos Lucero
Batting: LHB Allen Harding 0-0: Foul Ball, location: 2F
0-1: Foul Ball, location: 2F
0-2: Ball
1-2: Ball
2-2: Foul Ball, location: 2F
2-2: Ground out 4-3 (Groundball, 34, EV 88.1 MPH)
Batting: RHB Arnie Birand 0-0: Foul Ball, location: 2F
0-1: Foul Ball, location: 2F
0-2: Foul Ball, location: 2F
0-2: SINGLE (Line Drive, 78S, EV 99.4 MPH)
Batting: RHB Michael Hudson 0-0: Ball
Arnie Birand is caught stealing 2nd base 2-4
1-0: Ball
2-0: Foul Ball, location: 2F
2-1: Ball
3-1: Called Strike
3-2: Ground out 1-3 (Groundball, 34S, EV 80.0 MPH)
Top of the 1st over - 0 runs, 1 hit, 0 errors, 0 left on base; Niagara Falls 0 - Mancelona 0
BOTTOM OF THE 1ST
Mancelona Torch batting - Pitching for Niagara Falls Expos : LHP Nooh Isa
Pitching: LHP Nooh Isa
Batting: RHB Glen Stockhill 0-0: Ball
1-0: Foul Ball, location: 2F
1-1: Ball
2-1: Ball
3-1: Base on Balls
Batting: RHB Carlos Vélez 0-0: Ball
1-0: Ball
2-0: Ball
3-0: Base on Balls
Glen Stockhill to second
Batting: RHB Rubén Jusino 0-0: Ball
1-0: Ball
Glen Stockhill steals 3rd base (no throw)
2-0: SINGLE (Line Drive, 78M, EV 93.1 MPH)
Glen Stockhill scores
Carlos Vélez to second
Batting: RHB Paul Sykes 0-0: Ball
1-0: Called Strike
1-1: Swinging Strike
1-2: Ball
2-2: Ball
3-2: Fly out, F9 (Flyball, 89D, EV 83.1 MPH)
Runner from 2nd tags up, SAFE at 3rd, no throw by RF
Batting: RHB Joel Fagliano 0-0: Foul Ball, location: 2F
Pickoff Throw to First - Out! 1-3
0-1: Ball
1-1: Ball
2-1: Swinging Strike
2-2: Foul Ball, location: 2F
2-2: Foul Ball, location: 2F
2-2: Foul Ball, location: 2F
2-2: Ground out 6-3 (Groundball, 6, EV 101.2 MPH)
Bottom of the 1st over - 1 run, 1 hit, 0 errors, 1 left on base; Niagara Falls 0 - Mancelona 1
TOP OF THE 2ND
Niagara Falls Expos batting - Pitching for Mancelona Torch : LHP Marcos Lucero
Batting: RHB Jeremy Watson 0-0: Ball
1-0: Foul Ball, location: 2F
1-1: Foul Ball, location: 2F
1-2: Fly out, F7 (Flyball, 7D, EV 90.6 MPH)
Batting: RHB Jesús Odilia 0-0: Foul Ball, location: 2F
0-1: Ball
1-1: Called Strike
1-2: Ball
2-2: DOUBLE (Line Drive, 89XD, EV 105.6 MPH)
Batting: RHB Vsevolod Bagdasaroff 0-0: Foul Ball, location: 2F
0-1: SINGLE (Line Drive, 89S, EV 103.1 MPH)
Jesús Odilia to third
Runner from 3rd tries for Home, SAFE, throw by RF to home
Vsevolod Bagdasaroff to second
Batting: RHB Rafael Navia 0-0: Called Strike
0-1: Ball
1-1: Foul Ball, location: 2F
1-2: Ground out 3-1 (Groundball, 34S, EV 83.8 MPH)
Vsevolod Bagdasaroff to third
Batting: RHB Edwin Hastings 0-0: Called Strike
0-1: Ball
1-1: Foul Ball, location: 2F
1-2: SINGLE (Flyball, 89M, EV 93.8 MPH)
Vsevolod Bagdasaroff scores
Batting: SHB Kameel Ghassan 0-0: Ball
1-0: Ground out 1-3 (Groundball, 13S, EV 61.9 MPH)
Top of the 2nd over - 2 runs, 3 hits, 0 errors, 1 left on base; Niagara Falls 2 - Mancelona 1
BOTTOM OF THE 2ND
Mancelona Torch batting - Pitching for Niagara Falls Expos : LHP Nooh Isa
Batting: RHB Wayne Haylock 0-0: Ball
1-0: Called Strike
1-1: Foul Ball, location: 2F
1-2: Ball
2-2: Foul Ball, location: 2F
2-2: Ground out 5-3 (Groundball, 56S, EV 85.0 MPH)
Batting: RHB Kuan Ru 0-0: Fly out, F8 (Flyball, 8RM, EV 75.6 MPH)
Batting: RHB Juan Esteban Santángel 0-0: Ball
1-0: Swinging Strike
1-1: Swinging Strike
1-2: SINGLE (Groundball, 6MD, EV 98.1 MPH)
Batting: RHB Francisco Rocha 0-0: Swinging Strike
0-1: Foul Ball, location: 2F
0-2: Strikes out swinging
Bottom of the 2nd over - 0 runs, 1 hit, 0 errors, 1 left on base; Niagara Falls 2 - Mancelona 1
TOP OF THE 3RD
Niagara Falls Expos batting - Pitching for Mancelona Torch : LHP Marcos Lucero
Batting: LHB Allen Harding 0-0: SINGLE (Flyball, 8LS, EV 95.6 MPH)
Batting: RHB Arnie Birand 0-0: Called Strike
0-1: Fielders Choice at 2nd, 5-4 (Groundball, 56, EV 84.4 MPH)
Batting: RHB Michael Hudson 0-0: Called Strike
0-1: Foul Ball, location: 2F
0-2: Strikes out swinging
Batting: RHB Jeremy Watson 0-0: Ball
1-0: Ball
2-0: Called Strike
2-1: Ball
3-1: Base on Balls
Arnie Birand to second
Batting: RHB Jesús Odilia 0-0: Ball
1-0: Swinging Strike
1-1: Swinging Strike
1-2: Foul Ball, location: 2F
1-2: Fly out, F3 (Popup, 3SF, EV 76.9 MPH)
Top of the 3rd over - 0 runs, 1 hit, 0 errors, 2 left on base; Niagara Falls 2 - Mancelona 1
BOTTOM OF THE 3RD
Mancelona Torch batting - Pitching for Niagara Falls Expos : LHP Nooh Isa
Batting: RHB Glen Stockhill 0-0: Ball
1-0: Foul Ball, location: 2F
1-1: Ball
2-1: Ball
3-1: Foul Ball, location: 2F
3-2: Fly out, F8 (Flyball, 8RM, EV 93.8 MPH)
Batting: RHB Carlos Vélez 0-0: Ball
1-0: Ground out 5-3 (Groundball, 5, EV 83.1 MPH)
Batting: RHB Rubén Jusino 0-0: Called Strike
0-1: Ball
1-1: Ball
2-1: Ball
3-1: Fly out, F8 (Line Drive, 8LD, EV 85.0 MPH)
Bottom of the 3rd over - 0 runs, 0 hits, 0 errors, 0 left on base; Niagara Falls 2 - Mancelona 1
TOP OF THE 4TH
Niagara Falls Expos batting - Pitching for Mancelona Torch : LHP Marcos Lucero
Batting: RHB Vsevolod Bagdasaroff 0-0: Foul Ball, location: 2F
0-1: Swinging Strike
0-2: Fly out, F7 (Line Drive, 7, EV 86.2 MPH)
Batting: RHB Rafael Navia 0-0: Fly out, F6 (Line Drive, 6, EV 68.8 MPH)
Batting: RHB Edwin Hastings 0-0: Called Strike
0-1: Ground out 3-1 (Groundball, 34, EV 83.8 MPH)
Top of the 4th over - 0 runs, 0 hits, 0 errors, 0 left on base; Niagara Falls 2 - Mancelona 1
BOTTOM OF THE 4TH
Mancelona Torch batting - Pitching for Niagara Falls Expos : LHP Nooh Isa
Batting: RHB Paul Sykes 0-0: Called Strike
0-1: Fly out, F7 (Flyball, 7LSF, EV 93.8 MPH)
Batting: RHB Joel Fagliano 0-0: Ball
1-0: Foul Ball, location: 2F
1-1: Ball
2-1: Ball
3-1: SINGLE (Line Drive, 6D, EV 98.8 MPH)
Batting: RHB Wayne Haylock 0-0: Ball
1-0: Ball
2-0: Ball
3-0: Called Strike
3-1: Foul Ball, location: 2F
3-2: Base on Balls
Joel Fagliano to second
Batting: RHB Kuan Ru 0-0: Ball
1-0: Fielders Choice at 2nd, 1-4 (Groundball, 15, EV 89.4 MPH)
Joel Fagliano to third
Batting: RHB Juan Esteban Santángel 0-0: Called Strike
0-1: Fly out, F2 (Popup, 2R, EV 90.0 MPH)
Bottom of the 4th over - 0 runs, 1 hit, 0 errors, 2 left on base; Niagara Falls 2 - Mancelona 1
TOP OF THE 5TH
Niagara Falls Expos batting - Pitching for Mancelona Torch : LHP Marcos Lucero
Batting: SHB Kameel Ghassan 0-0: Foul Ball, location: 2F
0-1: Ball
1-1: Ball
2-1: Foul Ball, location: 2F
2-2: Ball
3-2: Fly out, F8 (Flyball, 78M, EV 84.4 MPH)
Batting: LHB Allen Harding 0-0: Ball
1-0: Fly out, F7 (Flyball, 78M, EV 93.1 MPH)
Batting: RHB Arnie Birand 0-0: Foul Ball, location: 2F
0-1: Ball
1-1: SINGLE (Groundball, 56D, EV 104.4 MPH)
Batting: RHB Michael Hudson 0-0: Ball
Arnie Birand steals 2nd base
1-0: SINGLE (Line Drive, 8LS, EV 88.1 MPH)
Arnie Birand to third
Runner from 3rd tries for Home, SAFE, no throw by CF
Batting: RHB Jeremy Watson 0-0: Called Strike
0-1: Foul Ball, location: 2F
0-2: Foul Ball, location: 2F
0-2: Foul Ball, location: 2F
0-2: Strikes out swinging
Top of the 5th over - 1 run, 2 hits, 0 errors, 1 left on base; Niagara Falls 3 - Mancelona 1
BOTTOM OF THE 5TH
Mancelona Torch batting - Pitching for Niagara Falls Expos : LHP Nooh Isa
Batting: RHB Francisco Rocha 0-0: Fly out, F8 (Flyball, 8LS, EV 83.8 MPH)
Batting: RHB Glen Stockhill 0-0: Fly out, F4 (Popup, 4, EV 54.4 MPH)
Batting: RHB Carlos Vélez 0-0: Swinging Strike
0-1: Ball
1-1: Foul Ball, location: 2F
1-2: Foul Ball, location: 2F
1-2: Strikes out swinging
Bottom of the 5th over - 0 runs, 0 hits, 0 errors, 0 left on base; Niagara Falls 3 - Mancelona 1
TOP OF THE 6TH
Niagara Falls Expos batting - Pitching for Mancelona Torch : LHP Marcos Lucero
Batting: RHB Jesús Odilia 0-0: Ball
1-0: Ball
2-0: Foul Ball, location: 2F
2-1: Fly out, F3 (Flyball, 3D, EV 85.0 MPH)
Batting: RHB Vsevolod Bagdasaroff 0-0: Swinging Strike
0-1: Ball
1-1: Ground out 5-3 (Groundball, 56, EV 85.0 MPH)
Batting: RHB Rafael Navia 0-0: Ball
1-0: Called Strike
1-1: Ground out 1-3 (Groundball, 13S, EV 65.0 MPH)
Top of the 6th over - 0 runs, 0 hits, 0 errors, 0 left on base; Niagara Falls 3 - Mancelona 1
BOTTOM OF THE 6TH
Mancelona Torch batting - Pitching for Niagara Falls Expos : LHP Nooh Isa
Batting: RHB Rubén Jusino 0-0: Called Strike
0-1: Fly out, F9 (Flyball, 9D, EV 96.2 MPH)
Batting: RHB Paul Sykes 0-0: Ball
1-0: DOUBLE (Line Drive, 7LM, EV 101.2 MPH)
Batting: RHB Joel Fagliano 0-0: DOUBLE (Flyball, 89D, EV 93.8 MPH)
Paul Sykes scores
Batting: RHB Wayne Haylock 0-0: Ball
1-0: Foul Ball, location: 2F
1-1: Ball
2-1: Ball
3-1: Called Strike
3-2: Foul Ball, location: 2F
3-2: Fly out, F3 (Line Drive, 3, EV 71.2 MPH)
Batting: RHB Kuan Ru 0-0: Called Strike
0-1: Ball
1-1: SINGLE (Groundball, 56D, EV 111.2 MPH)
Joel Fagliano to third
Runner from 3rd tries for Home, SAFE, no throw by LF
Batting: RHB Juan Esteban Santángel 0-0: Ball
1-0: SINGLE (Groundball, 56D, EV 110.0 MPH)
Kuan Ru to second
Batting: RHB Francisco Rocha 0-0: Ball
1-0: Called Strike
1-1: Ball
2-1: Ball
3-1: Foul Ball, location: 2F
3-2: Base on Balls
Kuan Ru to third
Juan Esteban Santángel to second
Pitching: RHP Theo Von Heezik
Batting: RHB Glen Stockhill 0-0: Ball
1-0: Called Strike
1-1: Fly out, F3 (Popup, 3, EV 76.9 MPH)
Bottom of the 6th over - 2 runs, 4 hits, 0 errors, 3 left on base; Niagara Falls 3 - Mancelona 3
TOP OF THE 7TH
Niagara Falls Expos batting - Pitching for Mancelona Torch : LHP Marcos Lucero
Batting: RHB Edwin Hastings 0-0: Ball
1-0: Ground out 6-3 (Groundball, 56, EV 83.8 MPH)
Batting: SHB Kameel Ghassan 0-0: Ground out 5-3 (Groundball, 56, EV 81.2 MPH)
Batting: LHB Allen Harding 0-0: Called Strike
0-1: Ball
1-1: Swinging Strike
1-2: Hit by Pitch
Pinch Runner at 1st Mark Brantley:
Batting: RHB Arnie Birand 0-0: Ground out 5-3 (Groundball, 56S, EV 84.4 MPH)
Top of the 7th over - 0 runs, 0 hits, 0 errors, 1 left on base; Niagara Falls 3 - Mancelona 3
BOTTOM OF THE 7TH
Mancelona Torch batting - Pitching for Niagara Falls Expos : RHP Theo Von Heezik
Now at 1B: Caleb Kennedy
Batting: RHB Carlos Vélez 0-0: SINGLE (Line Drive, 5D, EV 95.6 MPH)
Batting: RHB Rubén Jusino 0-0: Ball
1-0: Called Strike
1-1: Foul Ball, location: 2F
1-2: Ball
2-2: Foul Ball, location: 2F
2-2: Ball
3-2: DOUBLE (Line Drive, 89XD, EV 101.9 MPH)
Carlos Vélez to third
Batting: RHB Paul Sykes 0-0: SINGLE (Groundball, 56D, EV 101.2 MPH)
Carlos Vélez scores
Rubén Jusino to third
Batting: RHB Joel Fagliano 0-0: Swinging Strike
0-1: Foul Ball, location: 2F
0-2: Ball
1-2: Strikes out looking
Pitching: RHP Yaw Selemani
Batting: RHB Wayne Haylock 0-0: Swinging Strike
0-1: Foul Ball, location: 2F
0-2: Ball
1-2: Strikes out looking
Batting: RHB Kuan Ru 0-0: Ball
1-0: Ball
2-0: Called Strike
2-1: Called Strike
2-2: Ball
Wild Pitch!
Rubén Jusino scores
Paul Sykes to second
3-2: Foul Ball, location: 2F
3-2: Base on Balls
Batting: RHB Juan Esteban Santángel 0-0: Ball
1-0: Ground out 1-3 (Groundball, 34S, EV 81.2 MPH)
Bottom of the 7th over - 2 runs, 3 hits, 0 errors, 2 left on base; Niagara Falls 3 - Mancelona 5
TOP OF THE 8TH
Niagara Falls Expos batting - Pitching for Mancelona Torch : LHP Marcos Lucero
Batting: RHB Michael Hudson 0-0: Foul Ball, location: 2F
0-1: Ball
1-1: SINGLE (Groundball, 4D, EV 97.5 MPH)
Pitching: RHP John Savage
Batting: RHB Jeremy Watson 0-0: Foul Ball, location: 2F
0-1: Foul Ball, location: 2F
0-2: Foul Ball, location: 2F
0-2: Fly out, F9 (Flyball, 89S, EV 87.5 MPH)
Batting: RHB Jesús Odilia 0-0: Ball
1-0: Called Strike
1-1: Foul Ball, location: 2F
1-2: Foul Ball, location: 2F
1-2: Foul Ball, location: 2F
1-2: Strikes out swinging
Batting: RHB Vsevolod Bagdasaroff 0-0: Swinging Strike
0-1: Foul Ball, location: 2F
0-2: SINGLE (Groundball, 4MD, EV 105.6 MPH)
Michael Hudson to second
Runner from 2nd tries for 3rd, SAFE, throw by CF made to third
Pitching: RHP Hirokazu Morita
Batting: RHB Rafael Navia 0-0: Ball
1-0: Swinging Strike
1-1: SINGLE (Groundball, 34D, EV 104.4 MPH)
Michael Hudson scores
Vsevolod Bagdasaroff to second
Runner from 2nd tries for 3rd, SAFE, throw by RF made to third
Batting: RHB Edwin Hastings 0-0: SINGLE (Groundball, 56D, EV 105.6 MPH)
Vsevolod Bagdasaroff scores
Rafael Navia to second
Batting: SHB Kameel Ghassan 0-0: Foul Ball, location: 2F
0-1: Ground out 3-1 (Groundball, 3S, EV 91.9 MPH)
Top of the 8th over - 2 runs, 4 hits, 0 errors, 2 left on base; Niagara Falls 5 - Mancelona 5
BOTTOM OF THE 8TH
Mancelona Torch batting - Pitching for Niagara Falls Expos : RHP Yaw Selemani
Batting: RHB Francisco Rocha 0-0: Ball
1-0: Called Strike
1-1: Swinging Strike
1-2: Strikes out swinging
Batting: RHB Glen Stockhill 0-0: Ball
1-0: Swinging Strike
1-1: Called Strike
1-2: Foul Ball, location: 2F
1-2: Ball
2-2: Ball
3-2: Fly out, F9 (Flyball, 89D, EV 105.0 MPH)
Batting: RHB Carlos Vélez 0-0: Called Strike
0-1: Foul Ball, location: 2F
0-2: Ball
1-2: Ball
2-2: Strikes out swinging
Bottom of the 8th over - 0 runs, 0 hits, 0 errors, 0 left on base; Niagara Falls 5 - Mancelona 5
TOP OF THE 9TH
Niagara Falls Expos batting - Pitching for Mancelona Torch : RHP Hirokazu Morita
Batting: RHB Caleb Kennedy 0-0: Ball
1-0: Called Strike
1-1: Swinging Strike
1-2: Foul Ball, location: 2F
1-2: Foul Ball, location: 2F
1-2: Ball
2-2: Strikes out swinging
Batting: RHB Arnie Birand 0-0: Called Strike
0-1: Foul Ball, location: 2F
0-2: Ball
1-2: Ball
2-2: Foul Ball, location: 2F
2-2: Foul Ball, location: 2F
2-2: Strikes out looking
Batting: RHB Michael Hudson 0-0: Ball
1-0: Ball
2-0: Foul Ball, location: 2F
2-1: Swinging Strike
2-2: Foul Ball, location: 2F
2-2: Strikes out swinging
Top of the 9th over - 0 runs, 0 hits, 0 errors, 0 left on base; Niagara Falls 5 - Mancelona 5
BOTTOM OF THE 9TH
Mancelona Torch batting - Pitching for Niagara Falls Expos : RHP Yaw Selemani
Pitching: RHP Will Parker
Batting: RHB Rubén Jusino 0-0: Ball
1-0: Ball
2-0: SINGLE (Groundball, 4MD, EV 95.0 MPH)
Batting: RHB Paul Sykes 0-0: Ball
1-0: SINGLE (Groundball, 6MD, EV 99.4 MPH)
Rubén Jusino to second
Batting: RHB Joel Fagliano 0-0: Called Strike
0-1: Foul Ball, location: 2F
0-2: Foul Ball, location: 2F
0-2: Ball
1-2: Fly out, F7 (Flyball, 7LD, EV 103.8 MPH)
Pinch Hitting: LHB Sozui Amano 0-0: Ball
1-0: Ball
2-0: Fly out, F8 (Line Drive, 8LM, EV 84.4 MPH)
Batting: RHB Kuan Ru 0-0: Called Strike
0-1: Ball
1-1: Ball
2-1: Foul Ball, location: 2F
2-2: Fielders Choice at 2nd, 6-4 (Groundball, 56, EV 78.1 MPH)
Bottom of the 9th over - 0 runs, 2 hits, 0 errors, 2 left on base; Niagara Falls 5 - Mancelona 5
TOP OF THE 10TH
Niagara Falls Expos batting - Pitching for Mancelona Torch : RHP Hirokazu Morita
Now at C: Marc Chagall
Pinch Hitting: LHB Dave Young 0-0: Called Strike
0-1: Ball
1-1: Ball
2-1: Ball
3-1: Called Strike
3-2: Foul Ball, location: 2F
3-2: Strikes out looking
Batting: RHB Jesús Odilia 0-0: Ball
1-0: Foul Ball, location: 2F
1-1: Foul Ball, location: 2F
1-2: Strikes out looking
Batting: RHB Vsevolod Bagdasaroff 0-0: Ball
1-0: Ball
2-0: Called Strike
2-1: Ground out 1-3 (Groundball, 13S, EV 74.4 MPH)
Top of the 10th over - 0 runs, 0 hits, 0 errors, 0 left on base; Niagara Falls 5 - Mancelona 5
BOTTOM OF THE 10TH
Mancelona Torch batting - Pitching for Niagara Falls Expos : RHP Will Parker
Now in CF: Carlos Rivera
Pinch Hitting: LHB Diego Alejandro Ureńa 0-0: Swinging Strike
0-1: Fly out, F8 (Flyball, 8LM, EV 76.2 MPH)
Batting: RHB Francisco Rocha 0-0: Ball
1-0: Ball
2-0: Ball
3-0: Called Strike
3-1: Ground out 5-3 (Groundball, 56, EV 90.6 MPH)
Batting: RHB Glen Stockhill 0-0: Ball
1-0: Ball
2-0: Called Strike
2-1: Ball
3-1: Called Strike
3-2: Strikes out swinging
Bottom of the 10th over - 0 runs, 0 hits, 0 errors, 0 left on base; Niagara Falls 5 - Mancelona 5
TOP OF THE 11TH
Niagara Falls Expos batting - Pitching for Mancelona Torch : RHP Hirokazu Morita
Now in LF: Thiago Cicerón
Batting: RHB Rafael Navia 0-0: Called Strike
0-1: Ball
1-1: Fly out, F8 (Line Drive, 8RM, EV 91.2 MPH)
Batting: RHB Edwin Hastings 0-0: Called Strike
0-1: Fly out, F3 (Popup, 23F, EV 81.9 MPH)
Pinch Hitting: RHB Jim O'Neal 0-0: Called Strike
0-1: Ground out 4-3 (Groundball, 4, EV 95.0 MPH)
Top of the 11th over - 0 runs, 0 hits, 0 errors, 0 left on base; Niagara Falls 5 - Mancelona 5
BOTTOM OF THE 11TH
Mancelona Torch batting - Pitching for Niagara Falls Expos : RHP Will Parker
Pitching: RHP Sergio Castro
Now in LF: Antenor Reizenstein
Batting: RHB Carlos Vélez 0-0: Ball
1-0: Called Strike
1-1: SOLO HOME RUN (Flyball, 7LD, EV 91.2 MPH), Distance : 343 ft
Friday, March 26th, 2021 - OOTP Baseball 20.8 Build 74